[Event "Titled Tuesday Blitz June 27 Early 2023"]
[White "Ambartsumova, Karina"]
[Black "Weetik, Vjacheslav"]
[WhiteFideId "4166299"]
[BlackFideId "4153472"]
[WhiteElo "2568"]
[BlackElo "2776"]
[Result "0-1"]
[Round "2"]
[TimeControl "180+2"]
[Date "2023.06.27"]
[WhiteClock "0:00:09"]
[BlackClock "0:01:54"]
[Board "74"]

1. Nf3 Nf6 2. d4 g6 3. g3 Bg7 4. Bg2 d5 5. c4 c6 6. b3 Ne4 7. Bb2 O-O 8. O-O a5 9. Nc3 Bf5 10. Nh4 Nxc3 11. Bxc3 Be6 12. Qd3 Na6 13. cxd5 cxd5 14. Qb5 Nc7 15. Qxb7 Qd6 16. Bxa5 Rxa5 17. Rac1 Nb5 18. Rc5 Rb8 0-1


[Site "https://www.chess.com"]

[Event "Titled Tuesday Blitz June 27 Early 2023"]
[White "Maksimovic, Bojan"]
[Black "Arat, Ufuk Sezen"]
[WhiteFideId "14408120"]
[BlackFideId "6309089"]
[WhiteElo "2772"]
[BlackElo "2565"]
[Result "1-0"]
[Round "2"]
[TimeControl "180+2"]
[Date "2023.06.27"]
[WhiteClock "0:01:04"]
[BlackClock "0:00:00"]
[Board "75"]

1. e4 c5 2. Nf3 e6 3. d4 cxd4 4. Nxd4 Nc6 5. Nc3 Qc7 6. Be3 a6 7. Qf3 Ne5 8. Qg3 h5 9. h4 Nf6 10. O-O-O Nfg4 11. Bf4 d6 12. f3 Nf6 13. Kb1 Bd7 14. Be2 b5 15. a3 Rb8 16. Nb3 Nc4 17. Bxc4 bxc4 18. Nc1 Qc5 19. Bxd6 Bxd6 20. Qxd6 Qxd6 21. Rxd6 a5 22. Rhd1 Ke7 23. e5 Nd5 24. Nxd5+ exd5 25. R1xd5 Be6 26. Rxa5 Rb7 27. Ra4 Rh6 28. Ne2 c3 29. b3 f6 30. Nxc3 fxe5 31. Rda6 Rg6 32. Ra7 Rxa7 33. Rxa7+ Ke8 34. Ra6 Ke7 35. Nd5+ 1-0


[Site "https://www.chess.com"]

[Event "Titled Tuesday Blitz June 27 Early 2023"]
[White "Belov, Alexei"]
[Black "Bryakin, Mikhail"]
[WhiteFideId "4128206"]
[BlackFideId "4165314"]
[WhiteElo "2562"]
[BlackElo "2767"]
[Result "0-1"]
[Round "2"]
[TimeControl "180+2"]
[Date "2023.06.27"]
[WhiteClock "0:00:06"]
[BlackClock "0:00:03"]
[Board "76"]

1. e4 c5 2. Nf3 g6 3. d4 cxd4 4. Nxd4 Bg7 5. c4 Nc6 6. Be3 Nf6 7. Nc3 O-O 8. Be2 d6 9. O-O Bd7 10. f3 Nxd4 11. Bxd4 a5 12. Qd2 Bc6 13. b3 Nd7 14. Be3 f5 15. exf5 Rxf5 16. Bd3 Rf8 17. Rad1 Qe8 18. Be4 Nf6 19. Bd5+ Kh8 20. Be6 a4 21. Nd5 Nxd5 22. Bxd5 axb3 23. axb3 Ra3 24. Qb4 Ra2 25. Rf2 Qa8 26. h4 Rxf2 27. Bxf2 Qa2 28. Bxc6 bxc6 29. Qb7 Bf6 30. Qxc6 Qxb3 31. Re1 Qc3 32. Qd5 Rc8 33. Re4 Be5 34. f4 Bf6 35. Bd4 Bxd4+ 36. Qxd4+ Qxd4+ 37. Rxd4 h5 38. Re4 Rc7 39. Kf2 Kg7 40. Kf3 Kf6 41. g4 hxg4+ 42. Kxg4 Rc5 43. Rd4 Rc8 44. Re4 Rc7 45. Rd4 Ra7 46. Rd5 Ra4 47. c5 Ra5 48. f5 gxf5+ 49. Rxf5+ Ke6 50. h5 Ra1 51. cxd6 Rg1+ 52. Kf3 Rf1+ 53. Ke4 Rxf5 54. dxe7 Re5+ 55. Kf4 Kf6 56. h6 Rxe7 0-1


[Site "https://www.chess.com"]

[Event "Titled Tuesday Blitz June 27 Early 2023"]
[White "Kilic, Eray"]
[Black "NicolaiMaxime"]
[WhiteFideId "44517173"]
[WhiteElo "2765"]
[BlackElo "2562"]
[Result "1-0"]
[Round "2"]
[TimeControl "180+2"]
[Date "2023.06.27"]
[WhiteClock "0:01:38"]
[BlackClock "0:00:16"]
[Board "77"]

1. d4 Nf6 2. Nc3 e6 3. e4 Bb4 4. e5 Nd5 5. Bd2 Nxc3 6. bxc3 Be7 7. Qg4 g6 8. Nf3 h5 9. Qf4 b6 10. h4 Bb7 11. Ng5 Bxg5 12. hxg5 Qe7 13. Rh3 Nc6 14. a4 a5 15. Bc1 O-O-O 16. Ba3 d6 17. exd6 cxd6 18. Re3 Qd7 19. Rb1 Qc7 20. Qf6 Rhf8 21. c4 Ne7 22. Reb3 Kd7 23. Rxb6 Bc6 24. c5 Nd5 25. cxd6 Qxb6 26. Rxb6 Nxf6 27. gxf6 Rb8 28. Ra6 Rb1+ 29. Ke2 Ra8 30. Rxa8 Bxa8 31. f3 Bc6 32. Kf2 Bxa4 33. Bd3 Bc6 34. Ke3 a4 35. Kf4 Rd1 36. Bxg6 Rxd4+ 37. Ke3 Rd5 38. Bxf7 Rf5 39. Bb2 Kxd6 40. Bg6 Ra5 41. Ba3+ Ke5 42. f7 Ra8 43. f8=Q Rxf8 44. Bxf8 h4 45. Be7 Bd5 46. f4# 1-0


[Site "https://www.chess.com"]

[Event "Titled Tuesday Blitz June 27 Early 2023"]
[White "Perez, Maximiliano"]
[Black "Halkias, Stelios"]
[WhiteFideId "117234"]
[BlackFideId "4201809"]
[WhiteElo "2562"]
[BlackElo "2763"]
[Result "0-1"]
[Round "2"]
[TimeControl "180+2"]
[Date "2023.06.27"]
[WhiteClock "0:01:02"]
[BlackClock "0:00:51"]
[Board "78"]

1. e4 c5 2. Nf3 d6 3. d4 cxd4 4. Nxd4 Nf6 5. Nc3 a6 6. Be2 e5 7. Nb3 Be7 8. Be3 Be6 9. Nd5 Nbd7 10. Qd3 O-O 11. O-O Rc8 12. a4 Bxd5 13. exd5 Nb6 14. Bf3 Re8 15. a5 Nc4 16. Bc1 e4 17. Bxe4 Nxe4 18. Qxe4 Bf6 19. Qg4 Nxb2 20. Bxb2 Bxb2 21. Rae1 Rxc2 22. Qb4 Be5 23. Qxb7 Bxh2+ 24. Kxh2 Rxe1 25. Rxe1 Qh4+ 0-1


[Site "https://www.chess.com"]

[Event "Titled Tuesday Blitz June 27 Early 2023"]
[White "Hayrapetyan, Hovik"]
[Black "Yaksin, Oleg"]
[WhiteFideId "13302639"]
[BlackFideId "24105880"]
[WhiteElo "2760"]
[BlackElo "2560"]
[Result "1-0"]
[Round "2"]
[TimeControl "180+2"]
[Date "2023.06.27"]
[WhiteClock "0:00:21"]
[BlackClock "0:00:13"]
[Board "79"]

1. d4 Nf6 2. c4 e6 3. Nc3 Bb4 4. Nf3 O-O 5. Bg5 c5 6. Rc1 h6 7. Bh4 d6 8. e3 Nc6 9. Bd3 e5 10. O-O Bxc3 11. bxc3 g5 12. Nxg5 hxg5 13. Bxg5 Kg7 14. f4 e4 15. Bxe4 Qe7 16. Qf3 Re8 17. Bxc6 bxc6 18. Rce1 Bf5 19. e4 Bxe4 20. Qg3 Nh5 21. Qh4 f6 22. Qxh5 fxg5 23. fxg5 Rf8 24. Rf6 Rae8 25. Rxe4 Qxe4 26. Qh6+ Kg8 27. Rg6+ Qxg6 28. Qxg6+ Kh8 29. h4 cxd4 30. cxd4 d5 31. Qh6+ Kg8 32. Qxc6 dxc4 33. Qxc4+ Kg7 34. Qa6 Re4 35. Qb7+ 1-0


[Site "https://www.chess.com"]

[Event "Titled Tuesday Blitz June 27 Early 2023"]
[White "Panesar Vedant"]
[Black "Tikhonov, Viacheslav"]
[WhiteFideId "35033018"]
[BlackFideId "44196407"]
[WhiteElo "2750"]
[BlackElo "2559"]
[Result "1-0"]
[Round "2"]
[TimeControl "180+2"]
[Date "2023.06.27"]
[WhiteClock "0:00:28"]
[BlackClock "0:00:16"]
[Board "80"]

1. e4 c5 2. Nf3 Nc6 3. Bd3 g6 4. O-O Bg7 5. c3 d5 6. Re1 dxe4 7. Bxe4 Nf6 8. Bxc6+ bxc6 9. Ne5 Qd6 10. Na3 O-O 11. Nac4 Qd5 12. d3 Ba6 13. Qf3 Rac8 14. Bg5 Rfd8 15. Rad1 Rc7 16. h3 Bb7 17. Bf4 Rcc8 18. Bh2 Ba6 19. Na5 Qxa2 20. Naxc6 Re8 21. Ra1 Qxb2 22. Rxa6 Qxc3 23. Rd1 e6 24. Rxa7 Ra8 25. Rxa8 Rxa8 26. Ne7+ Kf8 27. Qxa8+ Kxe7 28. Qb7+ Kf8 29. Qxf7# 1-0


[Site "https://www.chess.com"]

[Event "Titled Tuesday Blitz June 27 Early 2023"]
[White "Fonseca Manrique, Enrique"]
[Black "Kislinsky, Alexey"]
[WhiteFideId "5114330"]
[BlackFideId "14108801"]
[WhiteElo "2558"]
[BlackElo "2749"]
[Result "0-1"]
[Round "2"]
[TimeControl "180+2"]
[Date "2023.06.27"]
[WhiteClock "0:01:15"]
[BlackClock "0:01:25"]
[Board "81"]

1. e4 c5 2. Nf3 Nc6 3. Bb5 Nf6 4. d3 Qa5+ 5. Nc3 Nd4 6. Bc4 b5 7. Bb3 Nxb3 8. cxb3 Bb7 9. O-O e6 10. Bf4 Be7 11. a4 b4 12. Nb5 O-O 13. Bd6 Qd8 14. Nd2 a6 15. Bxe7 Qxe7 16. e5 axb5 17. exf6 Qxf6 18. axb5 Qxb2 19. Rc1 d6 20. Rc2 Qd4 21. Nc4 f5 22. Qe2 Rae8 23. Ra1 Qxa1+ 0-1


[Site "https://www.chess.com"]

[Event "Titled Tuesday Blitz June 27 Early 2023"]
[White "Xu, Yi"]
[Black "Krutko, Anatoly"]
[WhiteFideId "8605564"]
[BlackFideId "4185862"]
[WhiteElo "2747"]
[BlackElo "2556"]
[Result "1/2-1/2"]
[Round "2"]
[TimeControl "180+2"]
[Date "2023.06.27"]
[WhiteClock "0:00:05"]
[BlackClock "0:00:07"]
[Board "82"]

1. e4 g6 2. d4 Bg7 3. Nc3 a6 4. f4 b5 5. Nf3 d6 6. Bd3 Nd7 7. e5 Nh6 8. Ne4 Nb6 9. O-O O-O 10. c3 Nd5 11. a4 bxa4 12. Rxa4 c5 13. dxc5 dxc5 14. Qe2 Nb6 15. Ra3 c4 16. Bxc4 Nxc4 17. Qxc4 Nf5 18. Nc5 Qb6 19. Qb4 Qc6 20. Nd4 Nxd4 21. Qxd4 f6 22. Qc4+ Kh8 23. exf6 Rxf6 24. Be3 e5 25. fxe5 Rxf1+ 26. Qxf1 Bf5 27. Rxa6 Rxa6 28. Qxa6 Qd5 29. Qd6 Qa8 30. Qd1 h5 31. e6 Kh7 32. e7 h4 33. h3 Qb8 34. b4 Qe5 35. Bd4 Qxe7 36. Bxg7 Qxg7 37. Qd4 Qh6 38. Kh2 Qg5 39. Qe5 Qd2 40. b5 Qb2 41. Qe7+ Kg8 42. Qd8+ Kh7 43. Qxh4+ Kg8 44. Qb4 Qe2 45. b6 Qe5+ 46. Kh1 Qe1+ 47. Kh2 Qe5+ 48. g3 Qe2+ 49. Kg1 Qe1+ 50. Kg2 Qe2+ 51. Kg1 Qe1+ 52. Kg2 Qe2+ 53. Kg1 1/2-1/2


[Site "https://www.chess.com"]

[Event "Titled Tuesday Blitz June 27 Early 2023"]
[White "Degenbaev, Aziz"]
[Black "Tanenbaum, Zachary"]
[WhiteFideId "13802640"]
[BlackFideId "2060850"]
[WhiteElo "2556"]
[BlackElo "2747"]
[Result "1-0"]
[Round "2"]
[TimeControl "180+2"]
[Date "2023.06.27"]
[WhiteClock "0:00:10"]
[BlackClock "0:00:02"]
[Board "83"]

1. e4 e5 2. Nf3 Nc6 3. d4 exd4 4. Bc4 Nf6 5. e5 d5 6. Bb5 Ne4 7. Nxd4 Bd7 8. Bxc6 bxc6 9. O-O Bc5 10. f3 Ng5 11. f4 Ne4 12. Be3 O-O 13. Nd2 Nxd2 14. Qxd2 f6 15. c3 Qe7 16. exf6 Qxf6 17. Rae1 Rae8 18. Nb3 Bb6 19. Bd4 Qd6 20. Kh1 Rxe1 21. Qxe1 Rxf4 22. Rxf4 Qxf4 23. h3 Qd6 24. Be5 Qg6 25. Bd4 Qd6 26. Be5 Qe7 27. Qg3 Bf5 28. Nd4 Bg6 29. Nxc6 Qf7 30. Nd4 Qf1+ 31. Kh2 c5 32. Nf3 Qb1 33. b3 Qxa2 34. h4 Qxb3 35. h5 Qc2 36. hxg6 Qxg6 37. Qh3 h6 38. Qd7 Qf7 39. Qc8+ Kh7 40. Qh3 Qg6 41. Qd7 Qh5+ 42. Kg1 Qg6 43. Qxd5 a5 44. c4 a4 45. Qa8 Qb1+ 46. Kh2 Qf5 47. Qxa4 Bd8 48. Qa7 Bf6 49. Qxc5 Qh5+ 50. Kg1 Bxe5 51. Qxe5 Qg6 52. c5 Qb1+ 53. Kh2 Qg6 54. Qd6 Qh5+ 55. Kg1 Qf5 56. c6 Qb1+ 57. Kh2 Qb6 58. Qd7 Qe3 59. c7 Qf4+ 60. Kh1 Qc1+ 61. Ng1 Qf4 62. c8=Q Qh4+ 63. Qh3 Qd4 64. Qhf5+ g6 65. Qf7+ Qg7 66. Qcg8# 1-0


[Site "https://www.chess.com"]

[Event "Titled Tuesday Blitz June 27 Early 2023"]
[White "ElDivis"]
[Black "Lorparizangeneh, Shahin"]
[BlackFideId "12521604"]
[WhiteElo "2556"]
[BlackElo "2739"]
[Result "0-1"]
[Round "2"]
[TimeControl "180+2"]
[Date "2023.06.27"]
[WhiteClock "0:00:02"]
[BlackClock "0:00:22"]
[Board "84"]

1. d4 Nf6 2. c4 g6 3. Nc3 d5 4. Nf3 Bg7 5. Bg5 Ne4 6. Bf4 Nxc3 7. bxc3 c5 8. e3 O-O 9. cxd5 Qxd5 10. Be2 cxd4 11. cxd4 Qa5+ 12. Qd2 Nc6 13. h4 Rd8 14. Qxa5 Nxa5 15. h5 b6 16. O-O Bb7 17. Rfc1 Rac8 18. Ne5 g5 19. Bxg5 f6 20. h6 Bf8 21. Bg4 Rxc1+ 22. Rxc1 fxe5 23. Be6+ Kh8 24. dxe5 Nc6 25. f4 Rd2 26. Bh3 b5 27. g3 b4 28. Bg2 Rxg2+ 29. Kxg2 Nxe5+ 30. Kh3 Nc6 31. Rd1 Kg8 32. g4 Ba6 33. f5 Bc4 34. Rc1 Bd5 35. Rc5 Be4 36. Rc4 Bd5 37. Rc5 e6 38. Rb5 Bxa2 39. fxe6 Bxe6 40. e4 b3 41. Bc1 Bc4 42. Rb7 Nd4 43. Rc7 Bf7 44. Rc8 Be6 45. Re8 Kf7 46. Ra8 Bc5 47. Ba3 Bxa3 48. Rxa7+ Kg6 49. Rxa3 b2 0-1


[Site "https://www.chess.com"]

[Event "Titled Tuesday Blitz June 27 Early 2023"]
[White "Rodchenkov, Sergey D."]
[Black "Mahdavi, Reza"]
[WhiteFideId "4168712"]
[BlackFideId "12595926"]
[WhiteElo "2556"]
[BlackElo "2737"]
[Result "0-1"]
[Round "2"]
[TimeControl "180+2"]
[Date "2023.06.27"]
[WhiteClock "0:00:02"]
[BlackClock "0:01:03"]
[Board "85"]

1. e4 c5 2. Nf3 d6 3. d4 cxd4 4. Nxd4 Nf6 5. Nc3 a6 6. f3 e5 7. Nb3 Be7 8. Be3 Be6 9. Qd2 Nbd7 10. g4 O-O 11. O-O-O b5 12. g5 b4 13. Ne2 Nh5 14. Ng3 a5 15. Nxh5 a4 16. Na1 Bxa2 17. f4 Qc7 18. Qxb4 Rfc8 19. Qa3 Bb3 20. Bd3 exf4 21. Nxf4 Ne5 22. Nd5 Qb7 23. Nxe7+ Qxe7 24. Nxb3 Nxd3+ 25. Kb1 axb3 26. Qxb3 Nxb2 27. Kxb2 Rab8 28. Bb6 Rc6 29. Kc1 Rbxb6 30. Qe3 Qc7 31. Rd2 Qb7 32. Rdd1 Rb2 33. Qa3 Rcxc2# 0-1


[Site "https://www.chess.com"]

[Event "Titled Tuesday Blitz June 27 Early 2023"]
[White "gau_npukyputb"]
[Black "Mogirzan, Matei-Valeriu"]
[BlackFideId "1257455"]
[WhiteElo "2735"]
[BlackElo "2526"]
[Result "1-0"]
[Round "2"]
[TimeControl "180+2"]
[Date "2023.06.27"]
[WhiteClock "0:00:06"]
[BlackClock "0:00:01"]
[Board "86"]

1. f4 e5 2. fxe5 d6 3. Nf3 dxe5 4. e4 Nf6 5. Nc3 Bc5 6. Bc4 Nc6 7. d3 Bg4 8. h3 Bxf3 9. Qxf3 Nd4 10. Qd1 b5 11. Nxb5 Nxe4 12. Qh5 O-O 13. dxe4 Nxc2+ 14. Ke2 c6 15. Rd1 Qf6 16. Rf1 Qg6 17. Qxg6 hxg6 18. Nc7 Rac8 19. Na6 Nxa1 20. Nxc5 Nc2 21. Be3 Nd4+ 22. Bxd4 exd4 23. Nd7 Rcd8 24. Nxf8 Rxf8 25. Kd3 c5 26. b4 cxb4 27. Kxd4 Rd8+ 28. Kc5 a5 29. Kb5 Rd2 30. Bxf7+ Kh7 31. e5 Rxg2 32. e6 Re2 33. Kxa5 Re5+ 34. Kxb4 g5 35. Kc4 g4 36. hxg4 Kh6 37. Kd4 Re2 38. Rf3 Kg5 39. Re3 Rd2+ 40. Ke5 Kxg4 41. e7 Rd3 42. Rxd3 1-0


[Site "https://www.chess.com"]

[Event "Titled Tuesday Blitz June 27 Early 2023"]
[White "Erzhanov, Arman"]
[Black "Morefield, Jason"]
[WhiteFideId "4138821"]
[BlackFideId "30920825"]
[WhiteElo "2504"]
[BlackElo "2734"]
[Result "0-1"]
[Round "2"]
[TimeControl "180+2"]
[Date "2023.06.27"]
[WhiteClock "0:00:06"]
[BlackClock "0:00:17"]
[Board "87"]

1. e4 e5 2. Nf3 Nc6 3. Bb5 Nf6 4. O-O Nxe4 5. Re1 Nd6 6. Nxe5 Be7 7. Bf1 Nxe5 8. Rxe5 O-O 9. d4 Bf6 10. Re1 Re8 11. Rxe8+ Nxe8 12. c3 d5 13. Bd3 g6 14. h3 Nd6 15. Bf4 Be6 16. Nd2 Qd7 17. Nf3 Re8 18. Ne5 Qc8 19. Qf3 Bg7 20. Bg5 Ne4 21. Bf4 f6 22. Ng4 h5 23. Ne3 Bf7 24. Re1 c5 25. Nxd5 Bxd5 26. Bxe4 Rxe4 27. Rxe4 Qc6 28. Re8+ Kf7 29. Qg3 Qxe8 30. dxc5 Bxa2 31. Bd6 Bd5 32. Qd3 Qe4 33. Qxe4 Bxe4 34. f3 Bd5 35. Kf2 Bh6 36. f4 Ke6 37. g3 a5 38. g4 b5 39. Ke3 Bg2 40. gxh5 gxh5 41. h4 Kd5 42. Be7 Bg7 43. Bd8 a4 44. Be7 Kc4 45. f5 Kb3 46. Kf2 Bc6 47. Ke3 Kxb2 48. Bd6 a3 49. Kd2 a2 50. c4 bxc4 0-1


[Site "https://www.chess.com"]

[Event "Titled Tuesday Blitz June 27 Early 2023"]
[White "Renjith, Sravan"]
[Black "Devaev, Alexander"]
[WhiteFideId "4306783"]
[BlackFideId "4169395"]
[WhiteElo "2731"]
[BlackElo "2493"]
[Result "1-0"]
[Round "2"]
[TimeControl "180+2"]
[Date "2023.06.27"]
[WhiteClock "0:00:50"]
[BlackClock "0:00:07"]
[Board "88"]

1. Nf3 Nf6 2. b3 c5 3. Bb2 Nc6 4. c4 e6 5. g3 Be7 6. Bg2 O-O 7. O-O a6 8. d4 cxd4 9. Nxd4 Qc7 10. Nd2 d6 11. N2f3 Ne5 12. Rc1 Ned7 13. b4 Rb8 14. a3 b6 15. Qb3 Bb7 16. Rfd1 Rfe8 17. c5 bxc5 18. Nxe6 fxe6 19. Qxe6+ Kh8 20. Ng5 h6 21. Nf7+ Kh7 22. Qf5+ Kg8 23. Qg6 Nf8 24. Nxh6+ Kh8 25. Qf7 N8h7 26. Qg8+ 1-0


[Site "https://www.chess.com"]

[Event "Titled Tuesday Blitz June 27 Early 2023"]
[White "Aradhya, Garg"]
[Black "Koutsin, Sergey"]
[WhiteFideId "25006746"]
[BlackFideId "14101483"]
[WhiteElo "2730"]
[BlackElo "2485"]
[Result "1/2-1/2"]
[Round "2"]
[TimeControl "180+2"]
[Date "2023.06.27"]
[WhiteClock "0:02:20"]
[BlackClock "0:00:33"]
[Board "89"]

1. d4 Nf6 2. c4 e6 3. Nc3 Bb4 4. e3 c5 5. Ne2 d5 6. cxd5 exd5 7. dxc5 O-O 8. Nd4 Nc6 9. Be2 Bxc5 10. O-O a6 11. Bf3 Ne5 12. b3 Nxf3+ 13. Nxf3 Bg4 14. h3 Bh5 15. Bb2 Re8 16. Rc1 Ba7 17. Ne2 Bxf3 18. gxf3 Nh5 19. f4 Qh4 20. Kh2 Bxe3 21. fxe3 Rxe3 22. Ng1 Rxh3+ 23. Nxh3 Qg3+ 24. Kh1 Qxh3+ 25. Kg1 Qg3+ 26. Kh1 Qh3+ 27. Kg1 Qg3+ 28. Kh1 Qh3+ 1/2-1/2


[Site "https://www.chess.com"]

[Event "Titled Tuesday Blitz June 27 Early 2023"]
[White "Mackster23"]
[Black "Csonka, Balazs"]
[BlackFideId "742910"]
[WhiteElo "2485"]
[BlackElo "2729"]
[Result "1/2-1/2"]
[Round "2"]
[TimeControl "180+2"]
[Date "2023.06.27"]
[WhiteClock "0:00:13"]
[BlackClock "0:00:04"]
[Board "90"]

1. e4 e6 2. d4 d5 3. Nc3 Bb4 4. e5 c5 5. a3 Bxc3+ 6. bxc3 Nc6 7. Qg4 g6 8. Qd1 Qa5 9. Bd2 Qa4 10. Nf3 c4 11. h4 h6 12. h5 g5 13. Ra2 Bd7 14. g3 O-O-O 15. Bh3 f6 16. Qe2 Rh7 17. exf6 Nxf6 18. Ne5 Nxe5 19. Qxe5 Ne4 20. f3 Nxd2 21. Kxd2 Re8 22. Re1 Rf7 23. Re3 Qc6 24. a4 a5 25. Bg4 Qc7 26. Ra1 Qxe5 27. Rxe5 Kc7 28. Kc1 Ref8 29. Bxe6 Bxe6 30. Rxe6 Rxf3 31. Rxh6 Rxc3 32. Rh7+ Kc6 33. Rb1 Rf1+ 34. Kd2 Rxb1 35. Kxc3 Rg1 36. Rh6+ Kc7 37. Rh7+ Kb6 38. Rh6+ Kc7 39. Rh7+ Kb8 40. Rd7 Rxg3+ 41. Kb2 Rh3 42. Rxd5 Rxh5 43. Rxa5 Rh4 44. Rxg5 Rxd4 45. Kc3 Rf4 46. Rc5 Ka7 47. Rxc4 Rf6 48. Kb4 Kb6 49. c3 Rf5 50. Rh4 Rg5 51. Rh6+ Kc7 52. c4 Rf5 53. c5 Rf1 54. Rh7+ Kc6 55. Rh6+ Kc7 56. Rh3 Rb1+ 57. Rb3 Rc1 58. Kb5 Rc2 59. a5 Rc1 60. Rb4 Rc2 61. Rg4 Rb2+ 62. Rb4 Rc2 63. Ka4 Ra2+ 64. Kb3 Rxa5 65. Kc4 Kc6 66. Rb6+ Kc7 67. Rb4 Kc6 68. Rb6+ Kc7 69. Rb4 1/2-1/2


[Site "https://www.chess.com"]

[Event "Titled Tuesday Blitz June 27 Early 2023"]
[White "Jovic, Stanoje"]
[Black "Quintiliano Pinto, Renato R."]
[WhiteFideId "905020"]
[BlackFideId "2117568"]
[WhiteElo "2472"]
[BlackElo "2727"]
[Result "0-1"]
[Round "2"]
[TimeControl "180+2"]
[Date "2023.06.27"]
[WhiteClock "0:00:00"]
[BlackClock "0:00:18"]
[Board "91"]

1. c4 e5 2. g3 d5 3. cxd5 Qxd5 4. Nf3 Nc6 5. Nc3 Qd8 6. Bg2 Nf6 7. O-O Bd6 8. d3 O-O 9. Bg5 h6 10. Bxf6 Qxf6 11. Rc1 Bg4 12. h3 Bh5 13. a3 Rad8 14. b4 a6 15. Ne4 Qe7 16. Nc5 Bxc5 17. Rxc5 Bg6 18. Nh4 Bh7 19. Bxc6 bxc6 20. Qc1 e4 21. Rxc6 exd3 22. exd3 Bxd3 23. Re1 Qd7 24. Kh2 Rfe8 25. Rxe8+ Rxe8 26. Ng2 Re2 27. Rxc7 Qd5 28. Qf4 Be4 29. Ne3 Re1 30. f3 Bxf3 0-1


[Site "https://www.chess.com"]

[Event "Titled Tuesday Blitz June 27 Early 2023"]
[White "Lortkipanidze, Nodar"]
[Black "Mazurkiewicz, Michal"]
[WhiteFideId "13604058"]
[BlackFideId "1124943"]
[WhiteElo "2726"]
[BlackElo "2460"]
[Result "1-0"]
[Round "2"]
[TimeControl "180+2"]
[Date "2023.06.27"]
[WhiteClock "0:01:24"]
[BlackClock "0:00:00"]
[Board "92"]

1. e4 d6 2. d4 Nf6 3. Nc3 c6 4. h3 e5 5. Be3 Be7 6. Qd2 b5 7. a3 O-O 8. g4 Re8 9. Bg2 exd4 10. Bxd4 d5 11. e5 Nfd7 12. O-O-O b4 13. axb4 Bxb4 14. f4 Qa5 15. Kb1 c5 16. Bxd5 cxd4 17. Qxd4 Nb6 18. Bxa8 Nxa8 19. Nd5 Nc6 20. Qc4 Bb7 21. Nf3 Nb6 22. Nxb6 Qxb6 23. Ng5 Rf8 24. e6 fxe6 25. Qxe6+ Kh8 26. Nf7+ Rxf7 27. Qxf7 1-0


[Site "https://www.chess.com"]

[Event "Titled Tuesday Blitz June 27 Early 2023"]
[White "splendidkid"]
[Black "LangesNasenhaar"]
[WhiteElo "2724"]
[BlackElo "2454"]
[Result "1-0"]
[Round "2"]
[TimeControl "180+2"]
[Date "2023.06.27"]
[WhiteClock "0:00:22"]
[BlackClock "0:00:09"]
[Board "93"]

1. d4 g6 2. c4 Bg7 3. Nf3 d6 4. Nc3 c5 5. e4 Nc6 6. Be3 cxd4 7. Nxd4 Nf6 8. Be2 O-O 9. O-O Bd7 10. Rc1 Qa5 11. f3 Rac8 12. Qd2 Rfd8 13. Nxc6 bxc6 14. Rfd1 Qc7 15. b4 Be6 16. a3 Nd7 17. Na4 Ne5 18. Qc2 h5 19. h3 Qb8 20. g4 hxg4 21. hxg4 d5 22. Bd4 dxe4 23. Qxe4 Nxf3+ 24. Bxf3 Qg3+ 25. Bg2 Bxg4 26. Bf2 Qxa3 27. Qxg4 Qxa4 28. Bc5 e5 29. Bh3 Rxd1+ 30. Qxd1 Qa3 31. Bxc8 Qg3+ 32. Kf1 Bh6 33. Bf2 Qh3+ 34. Bxh3 1-0


[Site "https://www.chess.com"]

[Event "Titled Tuesday Blitz June 27 Early 2023"]
[White "Mika, Tomasz"]
[Black "Zhu, Jiner"]
[WhiteFideId "1132970"]
[BlackFideId "8608059"]
[WhiteElo "2433"]
[BlackElo "2719"]
[Result "0-1"]
[Round "2"]
[TimeControl "180+2"]
[Date "2023.06.27"]
[WhiteClock "0:00:04"]
[BlackClock "0:00:43"]
[Board "94"]

1. d4 Nf6 2. Bf4 g6 3. Nc3 d5 4. e3 Bg7 5. h4 h5 6. Nf3 O-O 7. Be2 c5 8. dxc5 Nbd7 9. Nb5 Nxc5 10. c3 Bg4 11. Be5 a6 12. Nbd4 Re8 13. Ng5 Bxe2 14. Qxe2 Ncd7 15. Bg3 e5 16. Nb3 Rc8 17. Rd1 Qe7 18. O-O Nb6 19. e4 dxe4 20. Nxe4 Nxe4 21. Qxe4 Nc4 22. Qe2 e4 23. Nd4 e3 24. Rfe1 Qf6 25. fxe3 Rxe3 26. Qf2 Qxf2+ 27. Bxf2 Rxe1+ 28. Rxe1 Nxb2 29. Re7 Rxc3 30. Rxb7 Nd3 31. Be3 Ne5 32. Bf2 Ng4 0-1


[Site "https://www.chess.com"]

[Event "Titled Tuesday Blitz June 27 Early 2023"]
[White "Yuan, Qingyu"]
[Black "JERO-8914"]
[WhiteFideId "8609772"]
[WhiteElo "2718"]
[BlackElo "2424"]
[Result "1-0"]
[Round "2"]
[TimeControl "180+2"]
[Date "2023.06.27"]
[WhiteClock "0:00:04"]
[BlackClock "0:00:04"]
[Board "95"]

1. d4 Nf6 2. c4 e6 3. Nf3 d5 4. g3 a6 5. Bg2 dxc4 6. Ne5 Bb4+ 7. Nc3 Nd5 8. Bd2 Bxc3 9. bxc3 b5 10. O-O O-O 11. e4 Nf6 12. f4 Bb7 13. Qe2 Nbd7 14. g4 Nxe5 15. fxe5 Nd7 16. g5 c5 17. Be3 Qe7 18. Qh5 b4 19. Rf4 bxc3 20. Rh4 h6 21. gxh6 g6 22. h7+ Kh8 23. Qh6 cxd4 24. Bg5 Qxg5 25. Qxg5 d3 26. Rf1 d2 27. Bf3 Rad8 28. Bd1 Bc6 29. Rf3 Bb5 30. Rxc3 f6 31. Qxd2 Nxe5 32. Qe1 Nd3 33. Qg3 g5 34. Rh6 Nf4 35. Bg4 Rd2 36. Qe3 Rd3 37. Rxd3 cxd3 38. Qd4 Kg7 39. h8=Q+ Rxh8 40. Rxh8 Kxh8 41. Qxf6+ Kh7 42. Qxg5 Ng6 43. Bxe6 d2 44. Qxd2 Kg7 45. Bf5 Kf8 46. Qd4 Ne5 47. Qxe5 Kf7 48. Qe6+ Kg7 49. Qg6+ 1-0


[Site "https://www.chess.com"]

[Event "Titled Tuesday Blitz June 27 Early 2023"]
[White "Lavrik, Dmitry"]
[Black "Garrido Outon, Alex"]
[WhiteFideId "24113190"]
[BlackFideId "24516279"]
[WhiteElo "2718"]
[BlackElo "2408"]
[Result "1-0"]
[Round "2"]
[TimeControl "180+2"]
[Date "2023.06.27"]
[WhiteClock "0:00:11"]
[BlackClock "0:00:03"]
[Board "96"]

1. c4 Nf6 2. Nf3 d6 3. g3 e5 4. d3 g6 5. Bg2 Bg7 6. Nc3 O-O 7. O-O Re8 8. Bg5 h6 9. Bxf6 Bxf6 10. Qc2 c6 11. Nd2 Bg4 12. b4 a6 13. a4 Nd7 14. b5 axb5 15. axb5 Qc7 16. Rfc1 Bg7 17. Nb3 h5 18. Qd2 Kh7 19. h3 Bh6 20. e3 Bf5 21. Ne2 Be6 22. Na5 cxb5 23. cxb5 Qb6 24. Nxb7 Rxa1 25. Rxa1 d5 26. Na5 Qxb5 27. Nc3 Qb4 28. Nc6 Qd6 29. Na7 Nc5 30. Nab5 Qd7 31. Ra7 Qc8 32. Bxd5 Rd8 33. Rc7 Qb8 34. Rxc5 Bxd5 35. Nxd5 Bf8 36. Qc3 Bxc5 37. Qxc5 Kg7 38. Nbc3 Rc8 39. Qe7 Re8 40. Qf6+ Kh7 41. g4 hxg4 42. hxg4 Kg8 43. Qh4 Re6 44. g5 Kf8 45. Qh8# 1-0


[Site "https://www.chess.com"]

[Event "Titled Tuesday Blitz June 27 Early 2023"]
[White "Dixit, Arun"]
[Black "Postny, Evgeny"]
[WhiteFideId "30937671"]
[BlackFideId "2804344"]
[WhiteElo "2406"]
[BlackElo "2716"]
[Result "0-1"]
[Round "2"]
[TimeControl "180+2"]
[Date "2023.06.27"]
[WhiteClock "0:00:05"]
[BlackClock "0:00:45"]
[Board "97"]

1. Nf3 Nf6 2. g3 b5 3. Bg2 Bb7 4. O-O e6 5. d4 c5 6. a4 b4 7. dxc5 Bxc5 8. Nbd2 O-O 9. Nb3 Be7 10. Nfd4 Bxg2 11. Kxg2 Qc8 12. Bg5 h6 13. Bxf6 Bxf6 14. e3 d5 15. Rc1 Qb7 16. c3 bxc3 17. Rxc3 e5 18. Nf3 Na6 19. Qe2 d4 20. exd4 exd4 21. Nc5 Qd5 22. Nxa6 dxc3 23. Nc7 Qb7 24. Nxa8 cxb2 25. Rb1 Rxa8 26. Qb5 Qxb5 27. axb5 Rb8 28. Nd2 Rxb5 29. Nc4 a5 30. Kf1 Rc5 31. Nd2 a4 0-1


[Site "https://www.chess.com"]